 Dungeon Crawl Stone Soup version 0.29-a0-559-g359e09b9d1 (webtiles) character file.

Game seed: 16278664666313540123

480 Symeon the Skirmisher (level 7, -24/47 HPs)
             Began as a Gargoyle Fighter on June 9, 2022.
             Engulfed by a cloud of flame (26 damage)
             ... on level 5 of the Dungeon.
             The game lasted 00:04:02 (5144 turns).

Symeon the Skirmisher (Gargoyle Fighter)            Turns: 5144, Time: 00:04:02

Health: -24/47     AC: 13    Str: 21    XL:     7   Next: 12%
Magic:  7/7        EV:  7    Int:  9    God:
Gold:   314        SH:  5    Dex:  9    Spells: 6/6 levels left

rFire   . . .      SeeInvis +   a - +0 flail
rCold   . . .      Faith    .   c - +1 buckler
rNeg    + . .      Spirit   .   s - +0 chain mail
rPois   ∞          Reflect  .   (no helmet)
rElec   +          Harm     .   (no cloak)
rCorr   .          Rampage  .   (no gloves)
Will    .....                   (no boots)
Stlth   ..........              (no amulet)
HPRegen 0.15/turn               h - ring of see invisible
MPRegen 0.10/turn               (no ring)

@: mighty
A: sickness immunity, AC +4, negative energy resistance 1, electricity
resistance, torment resistance 1, petrification resistance
a: no special abilities


You were on level 5 of the Dungeon.
You visited 1 branch of the dungeon, and saw 5 of its levels.

You collected 314 gold pieces.

Inventory:

Hand Weapons
 a - a +0 flail (weapon)
Armour
 b - a +0 scale mail
 c - a +1 buckler (worn)
 s - a +0 chain mail (worn)
Jewellery
 h - a ring of see invisible (left hand)
Wands
 m - a wand of flame (12)
Scrolls
 f - 2 scrolls of identify
 o - a scroll of magic mapping
 q - a scroll of noise
Potions
 g - a potion of berserk rage {unknown}
 i - 5 potions of curing {unknown}
 j - 2 potions of brilliance {unknown}
 k - a potion of heal wounds
 l - a potion of attraction {unknown}
 n - a potion of lignification {unknown}
 r - a potion of haste
 u - a potion of degeneration {unknown}
 v - a potion of cancellation {unknown}


   Skills:
 + Level 6.5 Fighting
 + Level 5.4 Maces & Flails
 - Level 3.2 Armour
 - Level 3.2 Shields


You had 6 spell levels left.
You didn't know any spells.
Your spell library contained the following spells:

 Spells                   Type           Power      Damage    Failure   Level
 Ozocubu's Armour         Ice            0%         N/A       100%        3
 Ozocubu's Refrigeration  Ice            0%         4d5       100%        7


Dungeon Overview and Level Annotations

Branches:
Dungeon (5/15)
 Temple: D:4-7

Altars:
Makhleb

Shops:
D:4 (

Annotations:
D:5 Dowan, Duvessa, Eustachio


Innate Abilities, Weirdness & Mutations

You are immune to sickness and miasma.
Your stone body is resilient. (AC +4)
You are immune to poison.
You resist negative energy. (rN+)
You are resistant to electric shocks. (rElec)
You are resistant to unholy torment.
You are immune to petrification.


Message History

The iron imp hits you.
* * * LOW HITPOINT WARNING * * *
Unknown command.
The bat attacks as you move away! The bat hits you but does no damage.
Your surroundings suddenly seem different.
A killer bee comes into view.
Found a short sword.
Unknown command.
The killer bee buzzes angrily.
You hear an angry buzzing noise.
A killer bee comes into view. x2
The killer bee attacks as you move away!
The killer bee stings you but does no damage.
You block the killer bee's attack.
As you read the scroll labelled VOVOCS NALUTU, it crumbles to dust.
The creatures around you are filled with an inner flame!
It was a scroll of immolation.
The killer bee buzzes angrily.
The killer bee stings you but does no damage.
You block the killer bee's attack.
You feel much better. The killer bee barely misses you.
The killer bee closely misses you.
The killer bee stings you but does no damage.
You miss the killer bee. The killer bee barely misses you. x2
The killer bee closely misses you. You block the killer bee's attack. x2
The killer bee barely misses you.
You closely miss the killer bee.
The killer bee stings you but does no damage. x3
You block the killer bee's attack. The killer bee closely misses you.
The killer bee barely misses you.
The killer bee stings you but does no damage.
The killer bee barely misses you.
Unknown command.
You bludgeon the killer bee!!
The killer bee explodes!
The fiery explosion engulfs you!!
Ouch! That really hurt!
* * * LOW HITPOINT WARNING * * *
You are engulfed in blazing flames.
Ouch! That really hurt!
You die...

##. #.......# .##
#.. ....... ...#
.).. ..... .....
.....##...##.....
.....#.....#.....
...............
#.......# #...yy##
#..###@y# .y...
#.........
...#....§§§..#....
.. #.........# ...
#.... .
#.........#
...#....#
.....#..... .
.....#
..#..###..#.. ..
#...# ##.
..###..... #...###
##..#......


You could see 3 killer bees.

Vanquished Creatures
  Sigmund (D:2)
  A killer bee (D:5)
  2 hounds (D:4)
  Terence (D:2)
  2 iguanas (D:4)
  An orc wizard (D:2)
  Robin (D:1)
  4 adders
  A river rat (D:3)
  An ufetubus (D:4)
  A worm (D:4)
  A dart slug (D:4)
  10 orcs
  6 endoplasms
  6 giant cockroaches
  10 goblins
  13 hobgoblins
  3 jackals (D:3)
  6 kobolds
  A quokka (D:4)
  7 ball pythons
  7 bats
  5 frilled lizards
  6 rats
97 creatures vanquished.

Vanquished Creatures (others)
  3 plants (D:5)
3 creatures vanquished.

Grand Total: 100 creatures vanquished

Notes
Turn   | Place    | Note
-------+----------+-------------------------------------------
     0 | D:1      | Symeon the Gargoyle Fighter began the quest for the Orb.
     0 | D:1      | Reached XP level 1. HP: 14/14 MP: 1/1
    75 | D:1      | Reached XP level 2. HP: 16/19 MP: 2/2
   517 | D:1      | Found a faded altar of an unknown god.
  1109 | D:2      | Reached XP level 3. HP: 18/24 MP: 3/3
  1198 | D:2      | Reached skill level 4 in Fighting
  1515 | D:2      | Noticed Terence
  1529 | D:2      | Killed Terence
  1530 | D:2      | Reached XP level 4. HP: 17/30 MP: 4/4
  1801 | D:2      | Noticed Robin
  1947 | D:1      | Killed Robin
  2532 | D:2      | Found a burning altar of Makhleb.
  2591 | D:2      | Noticed Sigmund
  2600 | D:2      | Killed Sigmund
  2601 | D:2      | Reached skill level 5 in Fighting
  2601 | D:2      | Reached XP level 5. HP: 27/36 MP: 5/5
  2601 | D:2      | Reached XP level 6. HP: 30/40 MP: 6/6
  3853 | D:3      | Reached skill level 6 in Fighting
  4312 | D:4      | Reached skill level 5 in Maces & Flails
  4734 | D:4      | Reached XP level 7. HP: 38/47 MP: 7/7
  4849 | D:4      | Found Jicas's Weapon Emporium.
  5111 | D:5      | Entered Level 5 of the Dungeon
  5111 | D:5      | Noticed Eustachio
  5128 | D:5      | Noticed Duvessa
  5128 | D:5      | Noticed Dowan
  5144 | D:5      | HP: 2/47 [spore (28)]
  5144 | D:5      | Engulfed by a cloud of flame

Illustrated notes

Levels and vault maps discovered:
D:1:      dpeg_arrival_shrine, layout_loops_ring,
          chequers_ecumenical_altar_simple, minmay_misc_feat_roman
D:2:      layout_basic, basic_altar, dk_vineyard_3, grunt_decor_cap,
          kennysheep_generic_room_14, uniq_robin, uniq_terence, uniq_sigmund
D:3:      wad_crossroads, layout_basic, serial_glass, glass_columns_a,
          glass_columns_b, feat_on_display, cheibrodos_sewer_entry_sluice
D:4:      layout_loops_ring, serial_shops, nicolae_square_shop,
          kennysheep_generic_room_12
D:5:      nicolae_cairo_tiling_large_dashed, layout_rooms,
          mainiacjoe_overflow_catch_the_wave, mainiacjoe_overflow_alcove_4,
          minmay_temple_entry_antechambers, minmay_curled_crystal,
          chequers_big_river, uniq_duvessa, uniq_eustachio, uniq_menkaure

Skill      XL: |  1  2  3  4  5  6 |
---------------+-------------------+-----
Fighting       | 4 5 6 |  6.5
Maces & Flails | 3 4 5 |  5.4
Armour         | |  3.2
Shields        | |  3.2

Action                   |  1- 3 |  4- 6 |  7- 9 || total
-------------------------+-------+-------+-------++-------
Melee: Flail             |   118 |   204 |    26 ||   348
Evoke: Wand              |       |       |     1 ||     1
  Use: Potion            |       |     2 |     2 ||     4
       Scroll            |       |       |     6 ||     6
Armor: Scale mail        |    71 |   111 |       ||   182
       Chain mail        |       |    14 |    67 ||    81
Dodge: Dodged            |    59 |    98 |    56 ||   213
Block: Buckler           |    30 |    39 |    24 ||    93

Table legend: (Time is in decaauts)
 A = Elapsed time spent in this place.
 B = Non-inter-level travel time spent in this place.
 C = Inter-level travel time spent in this place.
 D = Time resting spent in this place.
 E = Time spent auto-exploring this place.
 F = Levels seen in this place.
 G = Mean time per level.
                   A        B        C        D        E       F      G
               +--------+--------+--------+--------+--------+-----+--------+
         Total |   5238 |   5145 |     93 |    694 |   3663 |   5 | 1047.6 |
       Dungeon |   5238 |   5145 |     93 |    694 |   3663 |   5 | 1047.6 |
               +--------+--------+--------+--------+--------+-----+--------+

Top non-repeatable levels by time:
     D:2: 1802 daAuts
     D:1: 1529 daAuts
     D:3: 1031 daAuts
     D:4: 841 daAuts
     D:5: 34 daAuts
